 Dungeon Crawl Stone Soup version 0.19.0-18-g426998a (webtiles) character file.

34 HessuHobo the Sneak (level 3, 0/16 HPs)
             Began as a Spriggan Earth Elementalist on Nov 12, 2016.
             Killed by nerve-wracking pain
             ... invoked by Jessica
              (14 damage)
             ... on level 2 of the Dungeon.
             The game lasted 00:07:33 (1519 turns).

HessuHobo the Sneak (Spriggan Earth Elementalist)   Turns: 1519, Time: 00:07:34

Health: 0/16       AC:  2    Str:  4    XL:     3   Next: 14%
Magic:  1/8        EV: 18    Int: 17    God:
Gold:   43         SH:  0    Dex: 16    Spells: 3 memorised, 2 levels left

rFire  . . .     SeeInvis +     f - +0 club
rCold  . . .     Gourm    .     c - +0 robe
rNeg   . . .     Faith    .     (shield restricted)
rPois  .         Spirit   .     (helmet restricted)
rElec  .         Reflect  .     (no cloak)
rCorr  .         Harm     .     (gloves unavailable)
MR     .....                    (boots unavailable)
Stlth  +++.......               (no amulet)
                                (no ring)
                                (no ring)

@: very slightly contaminated, very quick
A: unfitting armour, see invisible, herbivore 3, speed 3, slow metabolism 2
a: no special abilities


You were on level 2 of the Dungeon.
You were not hungry.

You visited 1 branch of the dungeon, and saw 2 of its levels.

You collected 43 gold pieces.

Inventory:

Hand Weapons
 f - a +0 club (weapon)
Missiles
 b - 102 stones (quivered)
Armour
 c - a +0 robe (worn)
Potions
 h - a potion of curing
 i - a potion of lignification
Books
 e - a book of Geomancy

   Spells                             Type                      Level
   a - Sandblast                      Earth                        1
   b - Passwall                       Transmutation/Earth          2
   c - Stone Arrow                    Conjuration/Earth            3
   d - Petrify                        Transmutation/Earth          4
   e - Lee's Rapid Deconstruction     Earth                        5
Comestibles
 a - 4 fruits
 d - a bread ration


   Skills:
 + Level 0.3 Maces & Flails
 + Level 3.2 Dodging
 + Level 3.6 Stealth
 + Level 3.2 Spellcasting
 + Level 1.3 Transmutations
 + Level 3.2 Earth Magic


You had 2 spell levels left.
You knew the following spells:

 Your Spells              Type           Power        Failure   Level  Hunger
a - Sandblast             Erth           ##....       4%          1    None
b - Stone Arrow           Conj/Erth      #.....       30%         3    ###....
c - Passwall              Tmut/Erth      ##........   12%         2    ##.....


Dungeon Overview and Level Annotations

Branches:
Dungeon (2/15)

Altars:

Annotations:
D:2 Jessica


Innate Abilities, Weirdness & Mutations

You are very small and have problems with some larger weapons.
You are too small for most types of armour.
You have supernaturally acute eyesight. (SInv)
You are a herbivore.
You cover ground extremely quickly.
You need consume almost no food.


Message History

Aiming: Sandblast
Press: ? - help, Shift-Dir - straight line, f - hobgoblin, p - Jessica
Aim: a hobgoblin, wielding a club The blast of sand misses the hobgoblin.
The hobgoblin closely misses you.
You hit the hobgoblin but do no damage. The hobgoblin barely misses you.
You barely miss the hobgoblin.
Jessica gestures wildly while chanting.
Jessica blinks!
The hobgoblin hits you with a club.
Casting: Sandblast
Confirm with . or Enter, or press ? or * to list all spells.
Aiming: Sandblast
Press: ? - help, Shift-Dir - straight line, f/p - hobgoblin
Aim: a hobgoblin, wielding a club The blast of sand misses the hobgoblin.
The hobgoblin closely misses you.
You hit the hobgoblin.
The hobgoblin is heavily wounded.
Jessica gestures at you while chanting. Pain shoots through your body!
Ouch! That really hurt!
You die...

.)#......###...
..............#
#.(.........## ##
#.............
#..##..<.....@..#
...............#
#.....(.....#
#....@g....#
######..###.ยง#..#
#............$..
#....#####..##....
#...## ## ..#
###.# .. #.# . #.#
#..


You could see Jessica and a hobgoblin.

Vanquished Creatures
  A gnoll (D:1)
  An adder (D:1)
  A leopard gecko (D:1)
  2 giant cockroaches (D:1)
  2 goblins (D:1)
  2 hobgoblins (D:1)
  2 kobolds (D:1)
  A frilled lizard (D:1)
  2 rats (D:1)
14 creatures vanquished.

Notes
Turn   | Place    | Note
-------+----------+-------------------------------------------
     0 | D:1      | HessuHobo the Spriggan Earth Elementalist began the quest for the Orb.
     0 | D:1      | Reached XP level 1. HP: 9/9 MP: 5/5
   655 | D:1      | Reached XP level 2. HP: 11/13 MP: 6/6
   889 | D:1      | Reached XP level 3. HP: 16/16 MP: 4/8
   929 | D:1      | Learned a level 3 spell: Stone Arrow
   933 | D:1      | Learned a level 2 spell: Passwall
  1507 | D:2      | Noticed Jessica
  1519 | D:2      | Killed from afar by Jessica

Skill      XL: |  1  2 |
---------------+-------+-----
Earth Magic    | 3 |  3.2
Spellcasting   | 3 |  3.2
Maces & Flails | |  0.3
Dodging        | |  3.2
Stealth        | |  3.6
Transmutations | |  1.3

Action                   || total
-------------------------++-------
Melee: Club              ||    20
 Cast: Sandblast         ||    23
       Stone Arrow       ||     4
  Use: Potion            ||     4
       Scroll            ||     2
 Stab: Sleeping          ||     2
Armor: Robe              ||     3
Dodge: Dodged            ||    26
